[Event "*** SCC Grand Prix: Titled Tuesday Blitz"]
[Site "Chess.com"]
[Date "2020.07.14"]
[Round "7"]
[White "shav3184"]
[Black "turayev_shahruh17"]
[Result "1-0"]
[WhiteElo "2306"]
[BlackElo "2450"]
[TimeControl "180+1"]
[EndTime "11:21:00 PDT"]
[Termination "shav3184 won by checkmate"]

1. e4 d5 2. exd5 Qxd5 3. d4 Nc6 4. Nf3 Bg4 5. Be2 O-O-O 6. c4 Qh5 7. Be3 Nf6 8. Nbd2 e6 9. h3 Bb4 10. O-O Bxd2 11.
hxg4 Nxg4 12. Qxd2 Nce5 13. Bf4 Ng6 14. Bg3 f5 15.
Qg5 Qxg5 16. Nxg5 Rhe8 17. Bxg4 fxg4 18. Rad1 h5 19. Rfe1 h4 20. Be5 Rd7 21. Re4 h3 22. gxh3 gxh3 23. Nxh3 b6 24. Rde1 Kb7 25. Ng5 a6 26.
Bg3 e5 27. d5 b5 28. b3 Rf8 29. Ne6 Rf3 30. Bxe5 Re7 31. Bg3 Kc8 32. Kg2 Rc3 33.
Nd4 Rf7 34. Ne6 Rc2 35. Nc5 Kb8 36. Re8+ Ka7 37. Ne4 bxc4 38. bxc4 Rxc4 39. d6 Ra4 40. dxc7 Nf4+ 41. Bxf4 Rc4 42. c8=Q Rxc8 43. Rxc8 Rxf4 44. f3 Kb6 45. Rd8 Ka5 46. Rd6 g5 47. Red1 g4 48. R1d5+ Kb4 49. Rb6+ Kc4 50. Rc5+ Kd4 51. Rd6+ Ke3 52.
Rc3+ Ke2 53. Rd2+ Ke1 54. Rc1# 1-0

[Event "*** SCC Grand Prix: Titled Tuesday Blitz"]
[Site "Chess.com"]
[Date "2020.07.14"]
[Round "7"]
[White "ChelsieMonica"]
[Black "andy_rekt"]
[Result "0-1"]
[WhiteElo "2407"]
[BlackElo "2308"]
[TimeControl "180+1"]
[EndTime "11:21:01 PDT"]
[Termination "andy_rekt won by resignation"]

1. c4 e5 2. Nc3 Nf6 3. g3 c6 4. Bg2 d5 5. cxd5 cxd5 6. d4 e4 7.
e3 Bg4 8. f3 Bh5 9. Qa4+ Nc6 10. fxe4 dxe4 11. Nge2 Bb4 12. O-O O-O 13. Nf4 Bxc3 14.
bxc3 Bg4 15. Ba3 Re8 16. Rab1 Qd7 17. c4 b6 18. h3 Bf3 19. Bxf3 exf3 20. Kh2 Rxe3 21.
Rb3 Rae8 22. Rf2 Nxd4 23. Qxd7 Nxd7 24. Rxe3 Rxe3 25. Bb2 Ne2 26. Nd5 Rd3 27. g4 Nc5 28.
Nb4 Rd2 29. Bc1 Rd1 30. Be3 a5 31. Bxc5 axb4 32. Bxb6 Rd3 33. Bc5 b3 34. axb3 Rxb3 35. Ba7 Rc3 36. c5 Kf8 37. Bb6 Ke8 38. h4 Kd7 39. g5 h5 40. gxh6 gxh6 41. Kh3 h5 42. Ba7 Kc6 43. Bb6 f5 44. Ba7 Rd3 45. Bb6 Kd5 46.
Ba7 Rc3 47. Bb6 Ke4 48. Ba7 Nf4+ 49. Kh2 Ne2 50. Bb6 Nd4 51. Ba7 Nc6 52. Bb6 Ke3 53.
Rf1 Ke2 54. Kg1 Rc4 55. Rf2+ Ke3 56. Ra2 Rg4+ 57. Kf1 Rxh4 58. Ra3+ Kf4 59. Ra4+ Kg3 60. Bc7+ Kh3 61. Rxh4+ Kxh4 62. Kf2 Kg4 63. Bh2 h4 64. Bd6 f4 65. Kg1 h3 66. Kh2 Nd4 67. Bxf4 Kxf4 68. Kxh3 Ke3 69. Kh2 Ke2 70. Kg3 f2 0-1

[Event "*** SCC Grand Prix: Titled Tuesday Blitz"]
[Site "Chess.com"]
[Date "2020.07.14"]
[Round "7"]
[White "Miss_JJ20"]
[Black "JesseKraai"]
[Result "1/2-1/2"]
[WhiteElo "2290"]
[BlackElo "2451"]
[TimeControl "180+1"]
[EndTime "11:21:03 PDT"]
[Termination "Game drawn - insufficient material"]

1. d4 e6 2. c4 Nf6 3. Nf3 b6 4. g3 Ba6 5. Qc2 c5 6. Bg2 Bb7 7.
O-O cxd4 8. Nxd4 Bxg2 9. Kxg2 Qc7 10. e4 Be7 11. b3 O-O 12. Bb2 a6 13. Nd2 d6 14.
Rac1 Nbd7 15. f4 Qb7 16. N4f3 Rac8 17. Qb1 b5 18. cxb5 Qxb5 19. Nc4 d5 20. exd5 Nxd5 21. Rfe1 Bb4 22. Re2 Rfd8 23. Qa1 Bf8 24. Qb1 Nc5 25. Ng5 g6 26. Ne4 Qb7 27. Kh3 Nxe4 28. Qxe4 Bg7 29.
Bxg7 Kxg7 30. Qe5+ f6 31. Qxe6 Qd7 32. Qxd7+ Rxd7 33. Rce1 Kf7 34. Re6 a5 35. Ra6 Nb4 36. Rxa5 Nd3 37.
Re3 Nf2+ 38. Kg2 Ng4 39. Re2 h5 40. h3 Nh6 41. Ra6 Nf5 42. Ree6 Rxc4 43. Rxf6+ Ke7 44. Rae6+ Kd8 45. bxc4 Rd2+ 46. Kf3 Rd3+ 47. Ke4 Re3+ 48. Kd5 Ne7+ 49. Kc5 Rxg3 50. Rd6+ Ke8 51. Ra6 Nf5 52.
Rxg6 Rxh3 53. Rh6 Nxh6 54. Rxh6 Ra3 55. Rxh5 Ra5+ 56. Kd6 Rxh5 57. c5 Kd8 58. a4 Rh6+ 59. Kd5 Kc7 60. f5 Rh5 61. Ke6 Kc6 62. f6 Kxc5 63.
f7 Rh8 64. Ke7 Kb4 65. f8=Q Rxf8 66. Kxf8 Kxa4 1/2-1/2

[Event "*** SCC Grand Prix: Titled Tuesday Blitz"]
[Site "Chess.com"]
[Date "2020.07.14"]
[Round "7"]
[White "hongnhung1234"]
[Black "ljuks68"]
[Result "0-1"]
[WhiteElo "2254"]
[BlackElo "2452"]
[TimeControl "180+1"]
[EndTime "11:21:05 PDT"]
[Termination "ljuks68 won by checkmate"]

1. e4 e6 2. d4 d5 3. Nc3 Bb4 4. e5 Ne7 5. a3 Bxc3+ 6. bxc3 c5 7. Qg4 Qc7 8. Qxg7 Rg8 9. Qxh7 cxd4 10. Ne2 Nbc6 11.
f4 Bd7 12. Qd3 dxc3 13. Qxc3 Nf5 14. Rg1 d4 15. Qd3 O-O-O 16. g4 Nh4 17. Rg3 Kb8 18.
Rb1 Ka8 19. a4 Na5 20. Nxd4 Bxa4 21. c3 Nc6 22. Ba3 Nxd4 23. cxd4 Bc6 24. Bd6 Qa5+ 25. Bb4 Qd5 26. Bd6 Nf3+ 27. Rxf3 Qxf3 28. Qxf3 Bxf3 29. h3 Rc8 30. Kf2 Bd5 31. Bd3 Rc3 32. Ke2 Rh8 33. Bb4 Rcc8 34. Bc5 Rxh3 35. Ra1 Rh2+ 36. Ke3 Ra2 37. Rxa2 Bxa2 38. f5 Bd5 39. fxe6 fxe6 40. g5 b6 41. Bd6 Rh8 42. g6 Rh3+ 43. Kd2 Rg3 44. Bf8 Bc6 45. g7 Be8 46. Bd6 a5 47.
d5 Rxg7 48. dxe6 Kb7 49. Be4+ Bc6 50. Kc3 Bxe4 51. Kd4 Bc6 52. e7 Rg8 53. e6 Be8 54. Ke5 Rg5+ 55. Kf6 Rg2 56. Bf4 a4 57. Bd6 Kc6 58.
Be5 a3 59. Ba1 a2 60. Be5 Rg1 61. Ba1 Rxa1 62. Kg7 Rf1 63. Kg8 a1=Q 64. Kh7 Qf6 65. Kg8 Qg6+ 66. Kh8 Rh1# 0-1

[Event "*** SCC Grand Prix: Titled Tuesday Blitz"]
[Site "Chess.com"]
[Date "2020.07.14"]
[Round "7"]
[White "giantslayer83"]
[Black "TimKett"]
[Result "1/2-1/2"]
[WhiteElo "2720"]
[BlackElo "2165"]
[TimeControl "180+1"]
[EndTime "11:21:06 PDT"]
[Termination "Game drawn - insufficient material"]

1. c4 e6 2. Nc3 d5 3. cxd5 exd5 4. d4 c5 5. Nf3 Nc6 6. g3 Nf6 7. Bg2 cxd4 8. Nxd4 Bc5 9. Nb3 Bb6 10. Nxd5 Be6 11.
Nxf6+ Qxf6 12. O-O O-O 13. e3 Ne5 14. Nd4 Bc4 15. Re1 Nd3 16. Re2 Nxc1 17. Rxc1 Bxe2 18. Nxe2 Qxb2 19. Bxb7 Rad8 20. Qf1 Qxa2 21. Nc3 Qb2 22.
Ba6 Rd2 23. Ne4 Rc2 24. Rb1 Qe5 25. Qd3 Rb2 26. Rxb2 Qxb2 27. Ng5 g6 28. Bc4 Qf6 29. h4 h5 30. Kg2 Kg7 31. Qd7 a5 32. Ne6+ Kg8 33. Nxf8 Kxf8 34. Bd5 Kg7 35. Bc4 Bc5 36. Qd5 Bb4 37. Bb3 Bc3 38. e4 Kf8 39. f4 Kg7 40.
Qc4 Bb4 41. Kh3 Qe6+ 42. Qxe6 fxe6 43. Bxe6 Kf6 44. Bb3 Bc5 45. Kg2 Bb4 46. Kf3 Bc5 47. e5+ Ke7 48. f5 gxf5 49. Kf4 Bf2 50. Bd1 Ke6 51.
Bxh5 Bd4 52. Bg6 Bxe5+ 53. Kg5 Bxg3 54. Bxf5+ Ke5 55. h5 Bf4+ 56. Kg6 Be3 57. Bd7 Kd4 58. Kg7 Kc3 59. Kg6 Kb4 60. h6 Bxh6 61. Kxh6 a4 62.
Bxa4 1/2-1/2

[Event "*** SCC Grand Prix: Titled Tuesday Blitz"]
[Site "Chess.com"]
[Date "2020.07.14"]
[Round "7"]
[White "Sueetin"]
[Black "CzechmVIII"]
[Result "1/2-1/2"]
[WhiteElo "2330"]
[BlackElo "2198"]
[TimeControl "180+1"]
[EndTime "11:21:06 PDT"]
[Termination "Game drawn by repetition"]

1. d4 Nf6 2. c4 c5 3. d5 e6 4.
Nc3 exd5 5. cxd5 d6 6. Nf3 g6 7.
Bf4 a6 8. a4 Bg7 9. e3 Bg4 10.
Be2 Bxf3 11. Bxf3 O-O 12. O-O Qe7 13. Re1 Nbd7 14. h3 Rab8 15. Be2 Rfe8 16. Bf1 h5 17. a5 Nh7 18. Ra4 g5 19. Bh2 Nhf6 20. Bd3 g4 21. hxg4 hxg4 22. Bf5 Ne5 23. Bf4 b5 24. axb6 Rxb6 25. Qc2 Reb8 26. Ra2 Nfd7 27. g3 Nf3+ 28. Kf1 Nxe1 29. Kxe1 Ne5 30. Bxe5 Qxe5 31. Bxg4 Rxb2 32. Rxb2 Qxc3+ 33. Kf1 Qxb2 34. Qa4 Qb1+ 35. Kg2 Qb5 36. Qf4 Qd3 37. Bf5 Qxd5+ 38. e4 Qe5 39. Qh4 Kf8 40. Kh3 d5 41. f4 Qf6 42. Qg4 dxe4 43.
Bxe4 Qh6+ 44. Kg2 Qf6 45. Qd7 Rd8 46. Qb7 Rd2+ 47. Kf3 Rd8 48. Bc6 Qc3+ 49. Kg4 Qf6 50. Qc7 Qe7 51. Qb6 Qe6+ 52. Kf3 Rd6 53. Qb8+ Ke7 54.
Qe8+ Kf6 55. Qb8 Rxc6 56. g4 Qd5+ 57. Kg3 Qd3+ 58. Kh4 Ke7 59. Qb7+ Qd7 60. Qb1 Rh6+ 61. Kg3 Re6 62. f5 Re5 63. Qb6 Qd4 64. Qc7+ Qd7 65.
Qb6 Qd4 66. Qc7+ Qd7 67. Qb6 1/2-1/2

[Event "*** SCC Grand Prix: Titled Tuesday Blitz"]
[Site "Chess.com"]
[Date "2020.07.14"]
[Round "7"]
[White "ValentinDragnev"]
[Black "GiantThresher"]
[Result "1/2-1/2"]
[WhiteElo "2702"]
[BlackElo "2571"]
[TimeControl "180+1"]
[EndTime "11:21:07 PDT"]
[Termination "Game drawn by 50-move rule"]

1. e4 e6 2. d3 c5 3. Nf3 Nc6 4. g3 g6 5. Bg2 Bg7 6. O-O Nge7 7.
c3 e5 8. Na3 O-O 9. Nc4 d6 10.
a4 h6 11. Qb3 Qc7 12. Be3 Be6 13. Nfd2 f5 14. f4 Rf7 15. fxe5 Nxe5 16. Qc2 Nxc4 17. Nxc4 fxe4 18. Rxf7 Bxf7 19. Bf4 Rd8 20. h4 g5 21. hxg5 hxg5 22. Bxg5 d5 23. Bf4 Qd7 24. Ne5 Bxe5 25. Bxe5 Qf5 26. d4 Nc6 27. Rf1 Qg4 28. Bf6 Re8 29.
Bh4 cxd4 30. cxd4 Nxd4 31. Qf2 Nf3+ 32. Bxf3 exf3 33. Qxf3 Qxf3 34. Rxf3 d4 35. Rd3 Re2 36. b4 Re4 37. Bf6 Re3 38. Rxe3 dxe3 39. Bd4 e2 40. Kf2 Bb3 41. Kxe2 Bxa4 42. Bxa7 b5 43. Ke3 Bb3 44. Kf4 Bc4 45. Bd4 Bd3 46. Ke5 Bc4 47. Be3 Bf1 48.
g4 Bc4 49. g5 Bf1 50. Kf6 Bc4 51. g6 Bf1 52. g7 Bc4 53. Bc5 Bf1 54. Bb6 Bc4 55.
Ba7 Bf1 56. Bb8 Bc4 57. Bc7 Bf1 58. Bd6 Bc4 59. Be5 Bf1 60. Bf4 Bc4 61. Bg3 Bf1 62.
Bh2 Bc4 63. Bg1 Bf1 64. Bf2 Bc4 65. Be1 Bf1 66. Bd2 Bc4 67. Bc1 Bf1 68. Bb2 Bc4 69. Ba3 Bf1 70. Bb2 Bc4 71. Ba1 Bf1 72. Bc3 Bc4 73. Bd4 Bf1 74. Be5 Bc4 75. Bd6 Bf1 76.
Be7 Bc4 77. Ke5 Bf1 78. Bf6 Bc4 79. Kd4 Bf1 80. Ke3 Bc4 81. Kd2 Bf1 82. Ke1 Bc4 83. Kd2 Bf1 84. Kd1 Bc4 85. Ke1 Bd5 86. Kd2 Bc4 87. Ke3 Bf1 88. Kd4 Bc4 89. Ke3 Bf7 90.
Kf3 Bc4 91. Kf2 Bf7 92. Ke1 Bc4 93. Kd1 Bf7 94. Bb2 Bc4 95. Kd2 Bf7 96. Ke1 Bc4 97.
Kd2 Bf1 98. Ke3 Bc4 99. Ke4 Bf1 100. Ke5 Bc4 101. Kd6 Bf1 102. Kc5 1/2-1/2

[Event "*** SCC Grand Prix: Titled Tuesday Blitz"]
[Site "Chess.com"]
[Date "2020.07.14"]
[Round "7"]
[White "AniJak"]
[Black "mohssenbinaddi"]
[Result "1-0"]
[WhiteElo "2326"]
[BlackElo "2154"]
[TimeControl "180+1"]
[EndTime "11:21:09 PDT"]
[Termination "AniJak won on time"]

1. e4 c6 2. d4 d5 3. exd5 cxd5 4.
Bd3 Nf6 5. c3 Qc7 6. Ne2 Bg4 7. Bf4 Qxf4 8. Nxf4 Bxd1 9. Kxd1 e6 10. Nd2 Nbd7 11. Re1 Bd6 12. Ne2 Ng4 13. f3 Ne3+ 14.
Kc1 Nxg2 15. Rg1 Nf4 16. Nxf4 Bxf4 17. Rxg7 Bxh2 18. Rxh7 Rxh7 19. Bxh7 f5 20. Kc2 Kf7 21. Rh1 Bf4 22. Nf1 Kg7 23. Rh4 Bg5 24. Rh5 Be7 25. Bxf5 exf5 26. Rxf5 Nf6 27. Ne3 Rd8 28. b3 Kg6 29. Kd3 Bf8 30. Re5 Bh6 31. Ng2 Bc1 32. c4 dxc4+ 33. bxc4 Bb2 34. Nf4+ Kf7 35. Ne2 Nd7 36. Rb5 Ba3 37. Rxb7 Ke6 38. Rxa7 Be7 39. Ra6+ Kf5 40. Kc3 Bf6 41. Ra5+ Ke6 42. f4 Rh8 43. f5+ Ke7 44. Nf4 Rh2 45. Ra7 Bg5 46. Ng6+ Kd6 47.
c5+ Kc6 48. Ra6+ Kb5 49. Rd6 Rh3+ 50. Kc2 Nf6 51. Rb6+ Kc4 52. c6 Rh2+ 53. Kd1 Nd5 54. Rb7 Rd2+ 55. Ke1 Kxd4 56. c7 Rc2 57. Nf8 Kd3 58.
Ne6 Be3 59. Rb3+ Nc3 60. Nf4+ Bxf4 61. c8=Q Be3 62. Qa6+ Ke4 63. Qc4+ Kf3 64. Rxc3 1-0

[Event "*** SCC Grand Prix: Titled Tuesday Blitz"]
[Site "Chess.com"]
[Date "2020.07.14"]
[Round "7"]
[White "Diego_FloresQ"]
[Black "Jungle_Jaguar"]
[Result "1/2-1/2"]
[WhiteElo "2500"]
[BlackElo "2658"]
[TimeControl "180+1"]
[EndTime "11:21:10 PDT"]
[Termination "Game drawn by repetition"]

1. e4 e5 2. Nf3 Nc6 3. c3 Nf6 4.
d4 Nxe4 5. d5 Ne7 6. Nxe5 Ng6 7.
Qe2 Nxe5 8. Qxe4 Qe7 9. Be2 d6 10. O-O g6 11. Bb5+ Bd7 12. Bxd7+ Nxd7 13. Qxe7+ Bxe7 14. Re1 Kd8 15. Nd2 Nb6 16. c4 Re8 17. b3 Bf6 18. Rxe8+ Kxe8 19. Rb1 Kd7 20. Ne4 Bd4 21.
Bb2 Re8 22. Bxd4 Rxe4 23. Be3 c6 24. dxc6+ Kxc6 25. Rd1 Nd7 26. Kf1 a5 27. Rd4 Rxd4 28. Bxd4 d5 29. cxd5+ Kxd5 30. Bc3 a4 31. bxa4 Kc4 32.
Bg7 Kb4 33. Bb2 Nc5 34. a5 Nd3 35. Bf6 Kxa5 36. Ke2 Nc1+ 37. Ke3 Nxa2 38. Kf4 b5 39. Kg5 b4 40. Kh6 b3 41. Kxh7 Kb4 42. Bb2 Nc3 43.
Kg7 Nd1 44. Bd4 Kc4 45. Ba1 Nxf2 46. Kxf7 Ng4 47. h4 Ne3 48. Kxg6 Nxg2 49. h5 Nf4+ 50.
Kg5 Nxh5 51. Kxh5 Kd3 52. Kg5 Kc2 53. Bf6 Kd2 54. Kf4 Kd3 55. Kf3 Kd2 56. Ke4 Kc2 57. Ke3 Kc1 58. Kd3 Kb1 59. Kc3 Ka2 60. Kd2 Kb1 61. Bc3 Ka2 62. Kc1 Ka3 63. Bb2+ Ka2 64.
Bc3 Ka3 65. Bb2+ Ka2 66. Bc3 1/2-1/2

[Event "*** SCC Grand Prix: Titled Tuesday Blitz"]
[Site "Chess.com"]
[Date "2020.07.14"]
[Round "7"]
[White "Natalya_Buksa"]
[Black "MIJUAREZ"]
[Result "1-0"]
[WhiteElo "2532"]
[BlackElo "2386"]
[TimeControl "180+1"]
[EndTime "11:21:11 PDT"]
[Termination "Natalya_Buksa won on time"]

1. d4 d5 2. Nc3 c5 3. dxc5 e6 4. Bf4 Bxc5 5. e3 Nc6 6. Nf3 Nf6 7. Bd3 O-O 8. O-O Qe7 9. e4 dxe4 10. Nxe4 Nxe4 11. Bxe4 e5 12. Bg5 f6 13. Bd2 Be6 14. Qe2 Rac8 15. c3 Kh8 16. Bc2 Bd6 17. Rfe1 f5 18. Ng5 Bg8 19. Bb3 Bxb3 20. axb3 h6 21. Nh3 Qf7 22. b4 e4 23. f3 Rce8 24. fxe4 Rxe4 25.
Qf2 Rfe8 26. Rxe4 Rxe4 27. Re1 Qd5 28. Nf4 Bxf4 29. Bxf4 a6 30. h3 Rxe1+ 31. Qxe1 Qe4 32. Qxe4 fxe4 33. Kf2 g5 34. Bd6 Nd8 35. Ke3 Nf7 36.
Bg3 Kg7 37. Kxe4 Kf6 38. c4 Ke6 39. Bc7 Nh8 40. b3 Ng6 41. g3 h5 42. Bb8 Ne7 43.
b5 Nf5 44. Bc7 axb5 45. cxb5 Ne7 46. Kd4 Nd5 47. b6 Nf6 48. Bb8 Nd7 49. Bc7 Nf6 50. b4 Nd5 51. b5 Nf6 52. Bd8 Nh7 53. Ke4 Kd7 54. Bc7 Ke6 55. h4 gxh4 56. gxh4 Nf6+ 57. Kf4 Nh7 58. Bd8 Kd7 59. Bc7 Ke6 60. Bb8 Kf6 61. Bd6 Ke6 62. Be5 Nf8 63. Bc3 1-0

[Event "*** SCC Grand Prix: Titled Tuesday Blitz"]
[Site "Chess.com"]
[Date "2020.07.14"]
[Round "7"]
[White "pedro_gines"]
[Black "Misticpikachu"]
[Result "1/2-1/2"]
[WhiteElo "2400"]
[BlackElo "2236"]
[TimeControl "180+1"]
[EndTime "11:21:11 PDT"]
[Termination "Game drawn by repetition"]

1. d4 d5 2. c4 e6 3. Nf3 Nf6 4. g3 Be7 5. Bg2 O-O 6. O-O dxc4 7. Qc2 a6 8. a4 Nbd7 9. Qxc4 b5 10. Qc2 Bb7 11. Rd1 Qc8 12. Nbd2 c5 13. axb5 axb5 14. Rxa8 Qxa8 15. dxc5 Nxc5 16. Nb3 Be4 17. Qc3 Nd5 18. Rxd5 Qxd5 19. Nxc5 Bxc5 20. Bd2 Rc8 21. Kf1 Qb7 22.
Qe5 Be7 23. Qh5 Bg6 24. Qg4 Qd7 25. Ke1 Bf6 26. Qb4 h6 27. Bc3 Bxc3+ 28. bxc3 Qc6 29.
Kd2 Qc4 30. Qxc4 Rxc4 31. Ne5 Ra4 32. Bc6 Ra2+ 33. Ke3 Rc2 34. Bxb5 Rxc3+ 35. Kd2 Rc5 36. Nxg6 Rxb5 37. Nf4 Kf8 38. h4 Ke7 39. Ke3 Ra5 40. Nd3 Ra3 41. Ke4 f5+ 42. Kd4 Kf6 43. f4 Ra2 44.
Ke3 Ra4 45. Kf3 g5 46. hxg5+ hxg5 47. Ne5 g4+ 48. Kf2 Re4 49. Nd7+ Ke7 50. Nc5 Rc4 51.
Nd3 Kd6 52. Ne5 Re4 53. Nf7+ Kd5 54. Ng5 Ra4 55. Nh7 e5 56. Nf6+ Ke6 57. fxe5 Kxe5 58. Nh5 Rb4 59. Ke3 Rb3+ 60. Kf2 Rb4 61. Ke3 Ra4 62.
Kf2 Ke4 63. Nf6+ Ke5 64. Nh5 1/2-1/2

[Event "*** SCC Grand Prix: Titled Tuesday Blitz"]
[Site "Chess.com"]
[Date "2020.07.14"]
[Round "7"]
[White "Yoshikrov"]
[Black "XxPetroffsxX"]
[Result "0-1"]
[WhiteElo "2105"]
[BlackElo "1960"]
[TimeControl "180+1"]
[EndTime "11:21:12 PDT"]
[Termination "XxPetroffsxX won on time"]

1. e4 e5 2. Nf3 Nc6 3. Bc4 Be7 4. d3 Nf6 5. Nc3 O-O 6. a4 a6 7. O-O d6 8. h3 h6 9. Be3 Kh7 10. Re1 Be6 11. b3 Qd7 12. Kh2 Na5 13. Bxe6 fxe6 14.
d4 exd4 15. Nxd4 c5 16. Nf3 Nc6 17. Qd2 e5 18. Rad1 Nd4 19. Bxd4 cxd4 20. Nd5 Nxd5 21. exd5 Qf5 22. c3 dxc3 23. Qxc3 Rac8 24. Qd3 Qxd3 25. Rxd3 Rc2 26. Kg3 Rfc8 27. Red1 e4 28. Re3 exf3 29.
Rxe7 fxg2 30. Kxg2 Rf8 31. Rf1 b5 32. axb5 axb5 33.
Rb7 Rc5 34. Rd1 Rc2 35. Rf1 Rc5 36. Rd1 Rf5 37. Rd7 Rcxd5 38. Rxd6 Rxd6 39. Rxd6 Rc5 40. Rb6 h5 41. Kg3 Rc3+ 42. Kh4 Rxb3 43. Kxh5 Rxh3+ 44. Kg5 Rb3 45. f4 Rb1 46. Kf5 b4 47. Rb7 Kh6 48. Rb6+ Kh7 49. Rb7 b3 50. Ke4 b2 51. Kf5 Kh6 52.
Rb6+ Kh5 53. Rb8 g6+ 54. Kf6 Kg4 55. Rb4 Kh5 56. Rb8 g5 57. Rh8+ Kg4 58. Rb8 gxf4 0-1

[Event "*** SCC Grand Prix: Titled Tuesday Blitz"]
[Site "Chess.com"]
[Date "2020.07.14"]
[Round "7"]
[White "dretch"]
[Black "penguingm1"]
[Result "0-1"]
[WhiteElo "2824"]
[BlackElo "2959"]
[TimeControl "180+1"]
[EndTime "11:21:18 PDT"]
[Termination "penguingm1 won on time"]

1. d4 d5 2. c4 e6 3. Nc3 Nf6 4.
cxd5 exd5 5. Bg5 Be7 6. e3 c6 7.
Bd3 Nbd7 8. Nge2 Nf8 9. Qc2 Ne6 10. Bh4 g6 11. O-O O-O 12. Rad1 b6 13. f3 Bb7 14. Nf4 Nxf4 15. exf4 Nh5 16. Bxe7 Qxe7 17. Qd2 c5 18. Ne2 Rfe8 19. Rfe1 Qf6 20. f5 gxf5 21. Bb5 Re6 22. Ng3 Nxg3 23. hxg3 a6 24. Ba4 Qxd4+ 25. Qxd4 cxd4 26.
Rf1 Re2 27. Rf2 Re5 28. Rxd4 Rc8 29. Rfd2 Rc1+ 30. Rd1 Rc5 31. Kf2 Kg7 32. R1d2 Kf6 33.
Bc2 h6 34. Bd3 a5 35. Rh4 Kg6 36. b4 Rc3 37. bxa5 bxa5 38. Bf1 Bc6 39. Rhd4 Re7 40. Bd3 Kg5 41. Rf4 Bd7 42. Bf1 Be6 43. Ra4 Rc5 44.
Rad4 Rb7 45. Bd3 Rb4 46. Rxb4 axb4 47. Rb2 Ra5 48. Bb1 Ra4 49. Ke3 Kf6 50. Bc2 Ra3+ 51. Kd4 Ke7 52. Bb3 Kd6 53. Rc2 Ra5 54. Rc1 Ra8 55.
Rh1 Rh8 56. Rh4 h5 57. Ke3 Kc5 58. Kd3 Bd7 59. Ke3 d4+ 60. Rxd4 Re8+ 61. Kd3 Bb5+ 62. Bc4 Bc6 63. Bb3 Re1 64. Rf4 Bb5+ 65. Kd2 Re2+ 66. Kd1 Re5 67. Rh4 Bf1 68. Rxh5 Bxg2 69. Rh4 Bxf3+ 70.
Kd2 Re2+ 71. Kd3 Rg2 72. Rf4 Be4+ 73. Ke3 Rxg3+ 74. Ke2 Kd4 0-1

[Event "*** SCC Grand Prix: Titled Tuesday Blitz"]
[Site "Chess.com"]
[Date "2020.07.14"]
[Round "7"]
[White "UKR_Master"]
[Black "TioCridineno"]
[Result "1-0"]
[WhiteElo "2330"]
[BlackElo "2155"]
[TimeControl "180+1"]
[EndTime "11:21:19 PDT"]
[Termination "UKR_Master won by resignation"]

1. e4 c5 2. Nf3 d6 3. c3 Nf6 4. h3 g6 5. Bd3 Bg7 6. O-O O-O 7. Bc2 e5 8. d4 Nc6 9. Re1 a6 10. a4 Rb8 11. Na3 b5 12. axb5 axb5 13. d5 Ne7 14. b4 c4 15. Be3 h6 16. Nb1 g5 17.
Nbd2 Ng6 18. Nh2 Re8 19. Qe2 Bf8 20. f3 Nf4 21. Qf2 N6h5 22. Ba7 Rb7 23. Ng4 Ree7 24. Be3 Bxg4 25. hxg4 Nf6 26. Kf1 Ng6 27. g3 Qd7 28.
Ra5 Re8 29. Rea1 Reb8 30. Ke2 Ne8 31. Ra7 Rxa7 32. Rxa7 Rb7 33. Ra8 Kg7 34. Qh2 Nc7 35.
Ra5 Ne8 36. Ra1 Kg8 37. Rh1 Bg7 38. Ra1 Rb8 39. Qg1 Qc8 40. Ra7 Ra8 41. Qa1 Rb8 42.
Qa5 Bf6 43. Ra6 Be7 44. Rb6 Ng7 45. Rxb5 Ra8 46. Qb6 h5 47. gxh5 Nxh5 48. Qb7 Nxg3+ 49. Ke1 Ra1+ 50. Bb1 Qh3 51. Kd1 Qg2 52. Qc8+ Kg7 53. Qg4 Qh1+ 54. Kc2 Nf1 55. Nxf1 Qxf1 56. Qg1 Qxg1 57.
Bxg1 Ra7 58. Bxa7 Nh4 59. Rb7 Nxf3 60. Rxe7 Kf6 61. Rd7 g4 62. Rxd6+ Kg5 63. Rd8 g3 64. Rg8+ Kf4 65. d6 Ne1+ 66. Kd1 g2 67. d7 1-0

[Event "*** SCC Grand Prix: Titled Tuesday Blitz"]
[Site "Chess.com"]
[Date "2020.07.14"]
[Round "7"]
[White "Bastiandash"]
[Black "KingChess345"]
[Result "1/2-1/2"]
[WhiteElo "2314"]
[BlackElo "2160"]
[TimeControl "180+1"]
[EndTime "11:21:20 PDT"]
[Termination "Game drawn - insufficient material"]

1. d4 Nf6 2. Nf3 e6 3. c3 d5 4.
Bg5 Be7 5. e3 c5 6. Nbd2 Nc6 7.
Bd3 b6 8. O-O Nd7 9. Bxe7 Qxe7 10. Qe2 a6 11. e4 cxd4 12. exd5 exd5 13. Qxe7+ Kxe7 14. Rfe1+ Kd6 15. cxd4 Bb7 16. Nf1 g6 17.
Ne3 Rae8 18. a3 f5 19. g3 Nf6 20. b4 Ne4 21. Rec1 b5 22. Rab1 Na7 23. a4 Rc8 24. Ne5 Rxc1+ 25. Rxc1 Rc8 26. Ra1 Rc3 27. axb5 Nxb5 28.
Bxb5 axb5 29. Ra7 Kc7 30. Nxd5+ Kb8 31. Nxc3 Kxa7 32. Nxb5+ Kb6 33. Na3 Bd5 34. f3 Nc3 35.
Kf2 Na2 36. Nac4+ Kb5 37. Ne3 Bb7 38. d5 Nxb4 39. d6 Nc6 40. d7 Nd8 41. g4 fxg4 42.
N3xg4 Kc5 43. Nf6 Kd6 44. Neg4 h5 45. Ne3 Ke6 46. Nh7 Kxd7 47. Kg3 Ke6 48. Ng5+ Kf6 49.
Nh3 Ne6 50. Nf2 g5 51. h4 gxh4+ 52. Kxh4 Bxf3 53. Nd3 Nd4 54. Nf4 Nf5+ 55. Nxf5 Kxf5 56. Nxh5 1/2-1/2

[Event "*** SCC Grand Prix: Titled Tuesday Blitz"]
[Site "Chess.com"]
[Date "2020.07.14"]
[Round "7"]
[White "KazakhFighter04"]
[Black "GM_LOADING"]
[Result "1-0"]
[WhiteElo "2745"]
[BlackElo "2576"]
[TimeControl "180+1"]
[EndTime "11:21:21 PDT"]
[Termination "KazakhFighter04 won by resignation"]

1. d4 Nf6 2. c4 e6 3. g3 Bb4+ 4.
Bd2 a5 5. Bg2 d6 6. e4 Nc6 7.
Ne2 O-O 8. O-O e5 9. d5 Ne7 10. Nbc3 Ng6 11. Nc1 Bg4 12. Qe1 Qd7 13. Nd3 Bxc3 14.
Bxc3 Bh3 15. f4 Bxg2 16. Kxg2 Rfe8 17. fxe5 Ng4 18. exd6 cxd6 19. h3 N4e5 20. Nxe5 Nxe5 21. b3 b5 22. Rf5 Nd3 23. Qe3 Nc5 24. Rf4 bxc4 25.
bxc4 Qa4 26. Re1 Qxc4 27. Rg4 g6 28. Bd4 Nd3 29. Rf1 Ne5 30. Rgf4 Re7 31. Bxe5 Rxe5 32.
Rxf7 Rxe4 33. Qf3 Qe2+ 34. Kh1 Qxf3+ 35. R1xf3 Rc8 36. Rf2 Re5 37. Kg2 Rxd5 38. Rd7 Rf5 39. Rxf5 gxf5 40. Kf3 Rc2 41. Rxd6 Rxa2 42. Rd5 Ra3+ 43.
Kf4 a4 44. Rxf5 Ra1 45. Ra5 a3 46. Ra7 a2 47. Kg4 Kf8 48. h4 Kg8 49. h5 Kf8 50.
Kg5 Ke8 51. g4 Kf8 52. Kh6 Ke8 53. g5 Kf8 54. Kxh7 Rh1 55. Rxa2 Rxh5+ 56. Kg6 Rh1 57. Ra8+ Ke7 58. Kg7 Rg1 59. g6 Rg2 60. Ra3 Rg4 61.
Re3+ Kd7 62. Kf7 Rf4+ 63. Kg8 Rg4 64. g7 Kd8 65. Re5 Kd7 66. Kf7 Rf4+ 67. Kg6 Rg4+ 68. Rg5 1-0

[Event "*** SCC Grand Prix: Titled Tuesday Blitz"]
[Site "Chess.com"]
[Date "2020.07.14"]
[Round "7"]
[White "Sychev_Klementy"]
[Black "Andrei_Belozerov"]
[Result "0-1"]
[WhiteElo "2723"]
[BlackElo "2582"]
[TimeControl "180+1"]
[EndTime "11:21:21 PDT"]
[Termination "Andrei_Belozerov won by resignation"]

1. e4 e5 2. Nc3 Nf6 3. Bc4 Nc6 4. d3 Bb4 5. Ne2 d5 6. exd5 Nxd5 7. O-O Be6 8. Bxd5 Bxd5 9. f4 O-O 10. f5 f6 11. Ng3 Re8 12. Nce4 Bf8 13. Be3 Nd4 14. Rf2 Qe7 15. Qg4 Qf7 16. c3 Nc6 17. Rf3 Rad8 18.
Bf2 Rd7 19. b3 Red8 20. Rd1 Ne7 21. c4 Bc6 22. h3 Kh8 23. Kh2 Ng8 24. h4 b6 25. h5 Nh6 26. Qh3 Bc5 27. Bxc5 bxc5 28. Rd2 Rd4 29. Re3 Qe7 30. Kh1 a5 31. Qh2 a4 32. Qg1 axb3 33. axb3 Bxe4 34. Rxe4 Rxe4 35.
Nxe4 Nxf5 36. Qxc5 Qf7 37. Kg1 Ra8 38. Kf2 Nd4 39.
Qd5 Qxd5 40. cxd5 Rd8 41. Ra2 Kg8 42. h6 Rxd5 43. Ra8+ Kf7 44. Ra7 Rd7 45. hxg7 Kxg7 46. Nc5 Re7 47. b4 f5 48. Rb7 Kf6 49. b5 h5 50. g3 f4 51. gxf4 exf4 52. Ne4+ Kf5 53. Rb8 Rg7 54. Rf8+ Ke5 55. Re8+ Kd5 56. Rd8+ Ke5 57.
Re8+ Kf5 58. Rf8+ Kg4 59. Nf6+ Kh3 60. Nxh5 Rg2+ 61. Kf1 f3 62. Nf4+ Kg3 63. Nh5+ Kh2 64. Ke1 Nc2+ 65. Kd1 Ne3+ 66. Kc1 f2 0-1

[Event "*** SCC Grand Prix: Titled Tuesday Blitz"]
[Site "Chess.com"]
[Date "2020.07.14"]
[Round "7"]
[White "Iustin106"]
[Black "Titus369"]
[Result "1-0"]
[WhiteElo "2351"]
[BlackElo "2519"]
[TimeControl "180+1"]
[EndTime "11:21:22 PDT"]
[Termination "Iustin106 won by checkmate"]

1. d4 d5 2. c4 e6 3. Nf3 Nf6 4. g3 Be7 5. Bg2 O-O 6. O-O dxc4 7. Na3 Bxa3 8. bxa3 c3 9. Bg5 Nbd7 10. Qb3 h6 11. Bxf6 Nxf6 12. Qxc3 Bd7 13. Ne5 Nd5 14. Qb2 b6 15.
Rac1 Rc8 16. Nc6 Bxc6 17. Rxc6 Ne7 18. Rc4 c5 19. dxc5 Rxc5 20. Rxc5 bxc5 21. Rc1 Qa5 22.
Qe5 Rc8 23. Rc3 Qc7 24. Qxc7 Rxc7 25. Be4 Nc8 26. Kf1 Kf8 27. Ke1 Ke7 28. Rb3 Nd6 29.
Bc2 c4 30. Rb4 Rb7 31. Kd2 Nb5 32. a4 Rd7+ 33. Kc1 Nc3 34. Rxc4 Nxe2+ 35. Kb2 Nd4 36. Be4 e5 37. a5 f5 38. Bg2 e4 39. Kc3 Nb5+ 40.
Kb4 Nd6 41. Rc6 Rb7+ 42. Kc3 Kd7 43. Rc5 Rb5 44. Rxb5 Nxb5+ 45. Kc4 Nd6+ 46. Kd5 g6 47. h3 Nb7 48. a6 Nd6 49. g4 fxg4 50. hxg4 Nb5 51.
Kc4 Nc7 52. Bxe4 Nxa6 53. Bxg6 Kd6 54. f4 Nc5 55. Bc2 Ne6 56. f5 Ng5 57. Kd4 Nf7 58.
Ke4 Ng5+ 59. Kf4 Kd5 60. Bb3+ Kd6 61. f6 Nh7 62. Kf5 Ng5 63. Kg6 Kd7 64. Kxh6 Ne4 65. Kg7 Ke8 66. f7+ Kd7 67. f8=Q Nd6 68. Qxd6+ Kxd6 69. g5 Kc5 70. g6 Kb4 71. Kf6 a5 72. g7 Ka3 73. g8=Q Kb2 74. Qc4 Ka1 75. Qc1# 1-0